 Dungeon Crawl Stone Soup version 0.21.1-1-g345015f (webtiles) character file.

495 Fang the Chopper (level 7, 0/44 HPs)
             Began as a Gargoyle Berserker on May 10, 2018.
             Was a Believer of Trog.
             Killed from afar by Eustachio (9 damage)
             ... with a wand of flame (18)
             ... on level 4 of the Dungeon.
             The game lasted 00:05:27 (2216 turns).

Fang the Chopper (Gargoyle Berserker)               Turns: 2216, Time: 00:05:28

Health: 0/44       AC:  8    Str: 22    XL:     7   Next: 15%
Magic:  16/16      EV: 12    Int:  8    God:    Trog [**....]
Gold:   92         SH:  0    Dex:  9    Spells: 6/6 levels left

rFire    . . .     SeeInvis .   n - +0 scythe (protect)
rCold    . . .     Gourm    +   (shield currently unavailable)
rNeg     + + .     Faith    .   b - +1 animal skin
rPois    ∞         Spirit   .   (no helmet)
rElec    +         Reflect  .   (no cloak)
rCorr    .         Harm     .   (no gloves)
MR       .....                  (no boots)
Stlth    +.........             h - amulet of the gourmand
HPRegen  0.14/turn              i - ring of positive energy
MPRegen  0.15/turn              m - ring of magical power

@: berserk cooldown, slowed, very slow
A: negative energy resistance 1, electricity resistance, unbreathing,
petrification resistance, rot immunity, AC +4
a: Berserk, Trog's Hand, Burn Spellbooks, Renounce Religion


You were on level 4 of the Dungeon.
You worshipped Trog.
Trog was pleased with you.
You were not hungry.

You visited 1 branch of the dungeon, and saw 4 of its levels.

You collected 92 gold pieces.

Inventory:

Hand Weapons
 a - a +0 hand axe
 n - a +0 scythe of protection (weapon)
Missiles
 d - 5 tomahawks of returning (quivered)
Armour
 b - a +1 animal skin (worn)
Jewellery
 h - an amulet of the gourmand (around neck)
 i - a ring of positive energy (left hand)
 m - a ring of magical power (right hand)
Scrolls
 e - 2 scrolls of remove curse
 f - 2 scrolls of identify
Potions
 g - a potion of cancellation
 k - a potion of lignification
 o - a potion of mutation
Comestibles
 c - 7 rations


   Skills:
 + Level 4.7 Fighting
 + Level 5.5(5.6) Axes
 + Level 1.2(3.6) Polearms
 + Level 2.3 Armour
 + Level 2.9 Dodging
 + Level 1.3 Stealth


You had 6 spell levels left.
You didn't know any spells.

Dungeon Overview and Level Annotations

Branches:
Dungeon (4/15)
 Temple: D:4-7

Altars:
Fedhas

Annotations:
D:4 Eustachio


Innate Abilities, Weirdness & Mutations

You are resistant to torment.
Your stone body is resilient. (AC +4)
You are immune to poison.
You resist negative energy. (rN+)
You are resistant to electric shocks. (rElec)
You can survive without breathing.
You are immune to petrification.
You are immune to rotting.


Message History

Eustachio brags, "I can call spirits from the vasty deep."
Eustachio closely misses you. The quokka misses you.
You barely miss Eustachio. The quokka completely misses you.
The quokka barely misses you. The orc hits you with a club.
Eustachio zaps a wand.
The puff of flame hits you!
The quokka bites you but does no damage.
The quokka barely misses you. The orc hits you but does no damage.
Eustachio hits you with a rapier of protection.
The quokka barely misses you.
The quokka bites you but does no damage.
The orc hits you but does no damage.
You are too injured to fight recklessly!
Unknown command.
You are too injured to fight recklessly!
The quokka twitches its whiskers.
Eustachio zaps a wand.
The puff of flame hits you!
* * * LOW HITPOINT WARNING * * *
The quokka completely misses you. The quokka misses you.
Eustachio zaps a wand.
The puff of flame hits you!
You die...

.......#
#......#
#(....##
##......##
##.........
#....../$..
##Sr...$....
###rrbr#......
#.@@o###.!....
#....## .....
#....(## .....
....!.. ...o
......# ....
#..... ###..(
##..


You could see Eustachio, an adder, an orc, 3 quokkas, a bat and a rat.

Vanquished Creatures
  Sigmund (D:3)
  An ogre (D:3)
  A centaur (D:4)
  A crimson imp (D:4)
  Natasha (D:4)
  Robin (D:2)
  2 adders
  An ooze (D:1)
  3 worms
  A dart slug (D:2)
  A leopard gecko (D:3)
  3 orcs (D:3)
  6 bats
  5 giant cockroaches
  16 goblins
  6 hobgoblins
  4 jackals (D:2)
  A quokka (D:2)
  10 frilled lizards
  5 kobolds
  6 rats
76 creatures vanquished.

Notes
Turn   | Place    | Note
-------+----------+-------------------------------------------
     0 | D:1      | Fang the Gargoyle Berserker began the quest for the Orb.
     0 | D:1      | Reached XP level 1. HP: 14/14 MP: 1/1
    57 | D:1      | Reached XP level 2. HP: 15/19 MP: 2/2
    61 | D:1      | Reached skill level 3 in Axes
   572 | D:2      | Reached XP level 3. HP: 23/24 MP: 3/3
   701 | D:2      | Noticed Robin
   708 | D:2      | Reached ** piety under Trog
   721 | D:2      | Killed Robin
   721 | D:2      | Reached XP level 4. HP: 29/29 MP: 4/4
  1367 | D:3      | Noticed an ogre
  1373 | D:3      | Killed an ogre
  1373 | D:3      | Reached skill level 4 in Axes
  1373 | D:3      | Reached XP level 5. HP: 31/33 MP: 5/5
  1616 | D:3      | Noticed Sigmund
  1628 | D:3      | Killed Sigmund
  1628 | D:3      | Reached skill level 5 in Axes
  1628 | D:3      | Reached XP level 6. HP: 39/39 MP: 6/6
  2019 | D:3      | Reached skill level 1 in Stealth
  2100 | D:3      | Found a blossoming altar of Fedhas.
  2188 | D:4      | Noticed Natasha
  2198 | D:4      | Killed Natasha
  2204 | D:4      | Noticed Eustachio
  2212 | D:4      | Reached skill level 1 in Polearms
  2212 | D:4      | Reached XP level 7. HP: 35/44 MP: 7/7
  2216 | D:4      | Killed from afar by Eustachio

Skill      XL: |  1  2  3  4  5  6 |
---------------+-------------------+-----
Axes           | 3 4 5 |  5.5
Fighting       | 4 |  4.7
Dodging        | 2 |  2.9
Stealth        | 1 |  1.3
Polearms       | 1 |  1.2
Armour         | |  2.3

Action                   |  1- 3 |  4- 6 |  7- 9 || total
-------------------------+-------+-------+-------++-------
Melee: Hand axe          |    82 |   104 |       ||   186
       Scythe            |       |    28 |     3 ||    31
Invok: Berserk           |     1 |     3 |       ||     4
  Use: Scroll            |       |     9 |       ||     9
       Potion            |       |     1 |       ||     1
 Stab: Sleeping          |       |     1 |       ||     1
  Eat: Chunk             |       |     9 |       ||     9
Armor: Animal skin       |    27 |    75 |     8 ||   110
Dodge: Dodged            |    52 |   136 |    27 ||   215
